 Dungeon Crawl Stone Soup version 0.15.2 (webtiles) character file.

46 JackS81 the Poker (level 3, 0/27 HPs)
             Began as a Merfolk Death Knight on Sept 23, 2017.
             Was a Believer of Yredelemnul.
             Slain by a gnoll (1 damage)
             ... on Level 2 of the Dungeon.
             The game lasted 00:04:23 (1123 turns).

JackS81 the Poker (Merfolk Death Knight)            Turns: 1123, Time: 00:04:23

HP   0/27        AC  3     Str 14      XL: 3   Next: 68%
MP   0/5         EV 11     Int 10      God: Yredelemnul [**....]
Gold 55          SH  0     Dex 13      Spells:  0 memorised,  2 levels left

rFire  . . .     SeeInvis .     a - +1 spear
rCold  . . .     Clarity  .     b - +0 leather armour
rNeg   . . .     rCorr    .     (no shield)
rPois  .         rRot     .     (no helmet)
rElec  .         Spirit   +     (no cloak)
SustAb .         Warding  .     (no gloves)
rMut   .         Stasis   .     (no boots)
Gourm  .                        o - amulet of guardian spirit
MR     .....                    (no ring)
                                (no ring)

@: not resistant to hostile enchantments, very unstealthy
A: change form in water, swift swim
a: Animate Remains, Recall Undead Slaves, Injury Mirror, Renounce Religion


You were on level 2 of the Dungeon.
You worshipped Yredelemnul.
Yredelemnul was pleased with you.
You were very hungry.

You visited 1 branch of the dungeon, and saw 2 of its levels.

You collected 55 gold pieces.

Inventory:

Hand weapons
 a - a +1 spear (weapon)
Missiles
 e - 13 stones (quivered)
 i - 32 bolts
 k - 9 arrows
Armour
 b - a +0 leather armour (worn)
Comestibles
 c - a bread ration
 h - 6 fruits
 l - 2 meat rations
Scrolls
 d - 2 scrolls of blinking {unknown}
 f - 3 scrolls of identify {unknown}
 n - a scroll of random uselessness {unknown}
Jewellery
 o - an amulet of guardian spirit (around neck)
Potions
 g - a potion of heal wounds {unknown}
 j - a potion of degeneration {unknown}
 m - a potion of restore abilities {unknown}


   Skills:
 - Level 2.1 Fighting
 * Level 5.7 Polearms
 - Level 0.6 Armour
 - Level 1.3 Dodging
 - Level 3.0 Invocations


You had 2 spell levels left.
You didn't know any spells.

Dungeon Overview and Level Annotations

Branches:
Dungeon (2/15)

Altars:
Dithmenos


Message History

The gnoll hits you.
* * * LOW HITPOINT WARNING * * *
You barely miss the gnoll.
The gnoll is severely wounded.
The gnoll closely misses you.
You hit the gnoll but do no damage.
The gnoll is severely wounded.
You hit the gnoll.
The gnoll is almost dead.
The gnoll hits you.
* * * LOW HITPOINT WARNING * * *
You closely miss the gnoll.
The gnoll is almost dead.
The gnoll hits you.
* * * LOW HITPOINT WARNING * * *
You closely miss the gnoll.
The gnoll is almost dead.
The gnoll hits you.
You die...
Your body rises from the dead as a mindless zombie.

.<..#.### #[# .........
#.# .###+###. #.# .# #
#(# .# # #.# .+
#.#######.####### .#
#........%........ .#
#........g?......>
.###+###.......#@########
.........#####)#.#
#...#.....<....#.#
##..##.###.#...#.#
#..##.####....#.#
#.#....#.....#.#
#......####.)#.#
#..(...(.).....#######
##...(.####...........


You could see a gnoll.

Vanquished Creatures
  2 gnolls (D:2)
  A giant gecko (D:2)
  An ooze (D:1)
  5 goblins (D:1)
  2 hobgoblins
  3 jackals (D:1)
  3 kobolds
  A ball python (D:2)
  2 bats (D:1)
  A giant newt (D:1)
  A quokka (D:2)
  4 rats
26 creatures vanquished.

Vanquished Creatures (collateral kills)
  A hobgoblin (D:1)
  A giant cockroach (D:1)
  A kobold (D:1)
3 creatures vanquished.

Vanquished Creatures (others)
  A ball python zombie (D:2)
  A hobgoblin zombie (D:1)
  A rat zombie (D:1)
3 creatures vanquished.

Grand Total: 32 creatures vanquished

Notes
Turn   | Place    | Note
--------------------------------------------------------------
     0 | D:1      | JackS81, the Merfolk Death Knight, began the quest for the Orb.
     0 | D:1      | Reached XP level 1. HP: 16/16 MP: 2/2
   206 | D:1      | Reached skill level 4 in Polearms
   206 | D:1      | Reached XP level 2. HP: 12/22 MP: 3/3
   695 | D:1      | Acquired Yredelemnul's second power
   732 | D:2      | Reached XP level 3. HP: 18/27 MP: 5/5
   774 | D:2      | Reached skill level 5 in Polearms
   890 | D:2      | Found a shadowy altar of Dithmenos.
  1122 | D:2      | HP: 1/27 [gnoll (4)]
  1123 | D:2      | Slain by a gnoll

Action                   || total
-------------------------++-------
Melee: Spear             ||   133
Throw: Stone             ||     8
Invok: Animate Remains   ||     5
